Map: Odyssee LE

Players

Panda

  • Race: Zerg Zerg
  • League: Diamond
  • Spawn Location: 5:00

Mousi - Winner!

  • Race: Terran Terran
  • League: Diamond
  • Spawn Location: 11:00

VOD

Have the link to the VOD?

Description

Time

  • Played on: Sept. 8, 2017, 3:15 p.m.
  • Length: 4:10
Show
View Real Time Build Order
Export as new Build Order

Panda Zerg 

Build Orders: Pool Only 

Get SALT Encoding   

  12  0:18  Spawning Pool  
  11  0:21  Drone  
  11  0:27  Drone  
  13  0:31  Drone  
  14  0:35  Extractor  
  14  0:38  Drone  
  14  0:49  Overlord  
  14  0:56  Extractor  
  13  1:02  Drone  
  14  1:06  Roach Warren  
  13  1:13  Zergling x2  
  14  1:29  Zergling x2  
  15  1:47  Roach x2  
  15  1:48  Roach  
  21  2:00  Overlord  
  20  2:36  Ravager  
  23  2:37  Ravager x2  
  23  2:40  Roach  
  23  2:41  Roach  
  23  2:42  Zergling x2  
  27  2:57  Roach  
Show
View Real Time Build Order
Export as new Build Order

Mousi Terran - Winner!

Build Orders:  

Get SALT Encoding   

  12  0:01  SCV  
  13  0:13  SCV  
  14  0:17  Supply Depot  
  14  0:25  SCV  
  15  0:32  Refinery  
  15  0:39  SCV  
  16  0:45  Barracks  
  16  0:51  SCV  
  17  1:03  SCV  
  18  1:15  SCV  
  20  1:33  Reaper  
  20  1:38  Orbital Command  
  20  1:45  Command Center  
  20  1:59  Factory  
  20  2:04  SCV  
  21  2:09  Supply Depot  
  21  2:14  Barracks Reactor  
  21  2:45  SCV  
  21  2:52  Marine x2  
  21  2:53  Factory Tech Lab  
  21  2:57  SCV  
  24  3:04  Bunker  
  24  3:09  SCV  
  24  3:10  Marine x2  
  27  3:13  Supply Depot  
  27  3:16  Siege Tank  
  27  3:18  Orbital Command  
  25  3:21  SCV  
  21  3:28  Marine x2  
  21  3:36  SCV  
  18  3:45  Marine  
  18  3:46  Marine  
  18  3:48  SCV  
Tags
 
Matchup
TvZ
Opening
Pool Only
Replay Pack
replays1
Spawn Locations
Cross Positions
Add a new tag
Caveats
  • Supply blocks, unpowered buildings, or Contaminate may cause inaccurate times.
  • Supply counts are checked every 10 seconds.